 Dungeon Crawl Stone Soup version 0.30.1-3-gfc49f6343a (webtiles) character file.

Game seed: 9269775677785954763

112 shmup the Gusty (level 4, -7/24 HPs)
             Began as a Tengu Air Elementalist on July 23, 2023.
             Mangled by Natasha (8 damage)
             ... on level 3 of the Dungeon.
             The game lasted 00:07:27 (3220 turns).

shmup the Gusty (Tengu Air Elementalist)            Turns: 3220, Time: 00:07:28

Health: -7/24      AC:  2    Str:  8    XL:     4   Next: 93%
Magic:  5/8        EV: 12    Int: 17    God:
Gold:   257        SH:  0    Dex: 15    Spells: 4/7 levels left

rFire   . . .        a - +2 short sword (venom)
rCold   . . .        (no shield)
rNeg    . . .        h - +0 robe
rPois   .            (helmet restricted)
rElec   .            (no cloak)
rCorr   .            (no gloves)
SInv    .            (boots unavailable)
Will    .....        (no amulet)
Stlth   ++           (no ring)
HPRegen 0.24/turn    (no ring)
MPRegen 0.11/turn

%: no passive effects
@: no status effects
A: beak, talons 3
a: no special abilities


You were on level 3 of the Dungeon.
You visited 1 branch of the dungeon, and saw 3 of its levels.

You collected 257 gold pieces.

Inventory:

Hand Weapons
 a - a +2 short sword of venom (weapon)
 b - a +2 short sword of electrocution
Missiles
 d - 6 stones (quivered)
Armour
 h - a +0 robe (worn)
Magical Staves
 r - a staff of poison
Jewellery
 m - a ring of protection from fire
Wands
 s - a wand of digging (4)
Scrolls
 f - a scroll of identify {unknown}
 i - 2 scrolls of fear {unknown}
 k - a scroll of torment {unknown}
 l - a scroll of amnesia {unknown}
 n - 4 scrolls of teleportation {unknown}
 o - 2 scrolls of noise {unknown}
 q - a scroll of enchant armour {unknown}
Potions
 c - a potion of attraction {unknown}
 e - a potion of ambrosia {unknown}
 g - a potion of flight {unknown}
 j - a potion of heal wounds {unknown}
 p - a potion of mutation {unknown}
 t - a potion of magic


   Skills:
 - Level 2.1 Dodging
 - Level 2.0 Stealth
 - Level 2.0 Spellcasting
 + Level 3.5 Conjurations
 * Level 6.4 Air Magic


You had 4 spell levels left.
You knew the following spells:

 Your Spells              Type           Power      Damage    Failure   Level
a - Shock                 Conj/Air       72%        1d7       2%          1
b - Static Discharge      Conj/Air       36%        2-4/arc   3%          2

Your spell library contained the following spells:

 Spells                   Type           Power      Damage    Failure   Level
 Swiftness                Air            23%        N/A       4%          3
 Airstrike                Air            11%        2d(2-18)  14%         4


Dungeon Overview and Level Annotations

Branches:
Dungeon (3/15)

Altars:
Ru
Wu Jian

Annotations:
D:3 Natasha


Innate Abilities, Weirdness & Mutations

You have a beak for a mouth.
You have claws for feet.


Message History

The zap misses Natasha.
Casting: Shock (safe; 2% risk of failure)
Confirm with . or Enter, or press ? or * to list all spells.
Aiming: Shock (safe; 2% risk of failure)
Press: ? - help, Shift-Dir - straight line, f/p - Natasha
Aim: Natasha, carrying a wand of flame (17) (64% to hit)
The zap misses Natasha.
Natasha completely misses you.
You closely miss Natasha. Your kick misses Natasha. Your peck misses Natasha.
Natasha casts a spell at you. You resist with some effort.
You hit Natasha but do no damage. You claw Natasha, but do no damage.
Natasha claws you!
* * * LOW HITPOINT WARNING * * *
Unknown command.
Your +2 short sword of electrocution stops crackling.
Your +2 short sword of venom begins to drip with poison!
a - a +2 short sword of venom (weapon)
You barely miss Natasha. Your kick misses Natasha.
Natasha wildly gestures.
You feel disoriented. Natasha claws you.
* * * LOW HITPOINT WARNING * * *
You hit Natasha.
Natasha is poisoned.
You claw Natasha.
Natasha is severely wounded.
Natasha zaps a wand.
The puff of flame misses you.
You hit Natasha but do no damage.
Natasha looks as sick as possible!
Your kick misses Natasha. Your peck misses Natasha.
Natasha is severely wounded.
Natasha casts a spell at you. The magic dart hits you.
* * * LOW HITPOINT WARNING * * *
Casting: Shock (safe; 2% risk of failure)
Confirm with . or Enter, or press ? or * to list all spells.
Aiming: Shock (safe; 2% risk of failure)
Press: ? - help, Shift-Dir - straight line, f/p - Natasha
Aim: Natasha, carrying a wand of flame (16) (severely wounded, extremely poisoned, 64% to hit)
The zap hits Natasha but does no damage.
Natasha is severely wounded.
Natasha claws you!
You die...

▒.. .. ▒.. ▒.
▒.. ▒. ▒.. ▒.
▒.. ▒. ▒.. ▒.
▒.. ▒h▒▒▒▒▒ ▒..
▒.Q...▒ ▒▒▒
▒▒▒▒▒.▒ ▒.▒ ▒.▒
▒.▒ ▒.▒ ▒.▒
▒.▒▒▒▒▒▒▒▒▒▒▒▒▒
▒.▒▒...........


You could see Natasha (extremely poisoned).

Vanquished Creatures
  An adder (D:3)
  A worm (D:2)
  3 dart slugs
  5 orcs (D:3)
  7 endoplasms
  5 giant cockroaches
  9 goblins
  7 hobgoblins
  10 jackals
  2 quokkas
  6 ball pythons
  4 bats
  3 frilled lizards
  9 kobolds
  3 rats
75 creatures vanquished.

Notes
Turn   | Place    | Note
-------+----------+-------------------------------------------
     0 | D:1      | shmup the Tengu Air Elementalist began the quest for the
                  | Orb.
     0 | D:1      | Reached XP level 1. HP: 10/10 MP: 4/4
   288 | D:1      | Reached XP level 2. HP: 12/15 MP: 1/6
   792 | D:1      | Reached skill level 5 in Air Magic
   811 | D:1      | Reached XP level 3. HP: 16/19 MP: 7/7
  1491 | D:2      | Found a sacrificial altar of Ru.
  1919 | D:2      | Reached XP level 4. HP: 23/24 MP: 2/8
  2407 | D:2      | Learned a level 2 spell: Static Discharge
  2500 | D:3      | Reached skill level 6 in Air Magic
  3018 | D:3      | Found an ornate altar of the Wu Jian Council.
  3211 | D:3      | Noticed Natasha
  3219 | D:3      | HP: 1/24 [Natasha/magic dart (5)]
  3220 | D:3      | Mangled by Natasha

Illustrated notes

Levels and vault maps discovered:
D:1:      evilmike_arrival_crescent, layout_basic
D:2:      layout_basic, basic_altar, serial_park_tiny_pond,
          minmay_tree_intersection, wander_ebering_terrifying_dragon_lair
D:3:      layout_basic, mainiacjoe_overflow_alcove_1, uniq_natasha

Skill      XL: |  1  2  3  4 |
---------------+-------------+-----
Conjurations   | 2 3 |  3.5
Air Magic      | 5 6 |  6.4
Dodging        | |  2.1
Stealth        | |  2.0
Spellcasting   | |  2.0

Action                     |  1- 3 |  4- 6 || total
---------------------------+-------+-------++-------
  Melee: Short sword       |    27 |    32 ||    59
         Peck              |     4 |       ||     4
         Kick              |     1 |     8 ||     9
         Punch             |     1 |       ||     1
   Cast: Shock             |    55 |    49 ||   104
   Stab: Sleeping          |     2 |     1 ||     3
 Armour: Robe              |     6 |     5 ||    11
  Dodge: Dodged            |    50 |    28 ||    78
